 Dungeon Crawl Stone Soup version 0.16.1-29-g3e760ad (webtiles) character file.

67 Max123 the Skirmisher (level 3, -1/31 HPs)
             Began as a Draconian Berserker on June 7, 2015.
             Was a Believer of Trog.
             Slain by DevDT's ghost (7 damage)
             ... on level 3 of the Dungeon.
             The game lasted 00:23:13 (2144 turns).

Max123 the Skirmisher (Draconian Berserker)         Turns: 2144, Time: 00:23:13

Health: -1/31      AC:  5    Str: 20    XL:     3   Next: 98%
Magic:  3/3        EV: 10    Int:  7    God:    Trog [**....]
Gold:   116        SH:  8    Dex: 10    Spells: 0 memorised, 2 levels left

rFire  . . .     SeeInvis .     j - -3 short sword (curse)
rCold  . . .     Clarity  .     (armour unavailable)
rNeg   . . .     SustAb   .     i - +0 shield
rPois  .         Gourm    .     (helmet restricted)
rElec  .         Spirit   .     (no cloak)
rCorr  .         Warding  .     (no gloves)
rMut   .         Stasis   .     (no boots)
MR     .....                    (no amulet)
Stlth  +.........               (no ring)
                                (no ring)

@: not resistant to hostile enchantments, very unstealthy
A: unfitting armour, cold-blooded, AC +5
a: Burn Spellbooks, Berserk, Trog's Hand, Renounce Religion


You were on level 3 of the Dungeon.
You worshipped Trog.
Trog was pleased with you.
You were near starving.

You visited 1 branch of the dungeon, and saw 3 of its levels.

You collected 116 gold pieces.

Inventory:

Hand weapons
 a - a +0 hand axe
 j - a cursed -3 short sword (weapon)
 l - a +0 mace
Armour
 i - a +0 shield (worn)
Scrolls
 e - a scroll of teleportation {unknown}
 h - a scroll of immolation {unknown}
 k - a scroll of remove curse {unknown}
 m - a scroll of identify
 n - a scroll of magic mapping {unknown}
 s - a scroll of random uselessness {unknown}
Potions
 b - a potion of agility {unknown}
 f - a potion of heal wounds {unknown}
 g - a potion of restore abilities {unknown}
 o - a potion of haste {unknown}
 p - a potion of mutation {unknown}
 q - a potion of curing {unknown}
Books
 r - a book of Annihilations {highlevel}

   This book is beyond your current level of understanding.

   Spells                             Type                      Level
   a - Poison Arrow                   Conjuration/Poison           6
   b - Chain Lightning                Conjuration/Air              8
   c - Lehudib's Crystal Spear        Conjuration/Earth            8
   d - Glaciate                       Conjuration/Ice              9
   e - Fire Storm                     Conjuration/Fire             9
   Trog disapproves of the use of such an item.
Comestibles
 c - 3 bread rations
 d - a beef jerky
 t - a chunk of flesh


   Skills:
 + Level 3.5 Fighting
 + Level 3.4 Axes
 + Level 3.4 Dodging
 * Level 1.7 Shields


You had 2 spell levels left.
You didn't know any spells.

Dungeon Overview and Level Annotations

Branches:
Dungeon (3/15)

Altars:

Annotations:
D:3 DevDT's ghost, weakling OgAr


Innate Abilities, Weirdness & Mutations

Your plain brown scales are hard (AC +5).
Your body does not fit into most forms of armour.
Your cold-blooded metabolism reacts poorly to cold.


Message History

You hit DevDT's ghost.
DevDT's ghost is lightly damaged.
You block DevDT's ghost's attack.
You hit DevDT's ghost but do no damage.
DevDT's ghost is lightly damaged.
DevDT's ghost hits you.
* * * LOW HITPOINT WARNING * * *
You closely miss DevDT's ghost.
Your tail-slap misses DevDT's ghost.
DevDT's ghost is lightly damaged.
DevDT's ghost hits you but does no damage.
You hit DevDT's ghost.
DevDT's ghost is moderately damaged.
DevDT's ghost barely misses you. x2
You hit DevDT's ghost but do no damage.
DevDT's ghost is moderately damaged.
You block DevDT's ghost's attack.
You hit DevDT's ghost.
DevDT's ghost is moderately damaged.
DevDT's ghost hits you!
You die...

#.#.# #.#.# #.#.#
#.#.# #.#.# #
#.#.#####..#
#.<........#
#..####.....####.#
.........@W......#
###########.######
.# .. ###


You could see DevDT's ghost.

Vanquished Creatures
  An adder (D:2)
  A giant mite (D:2)
  2 worms (D:2)
  2 giant geckos (D:1)
  4 ball pythons
  4 bats
  2 giant cockroaches
  2 goblins (D:2)
  7 hobgoblins
  7 kobolds
  A quokka (D:2)
  A giant newt (D:1)
  5 rats
39 creatures vanquished.

Notes
Turn   | Place    | Note
--------------------------------------------------------------
     0 | D:1      | Max123, the Draconian Berserker, began the quest for the Orb.
     0 | D:1      | Reached XP level 1. HP: 19/19 MP: 1/1
   208 | D:1      | Reached XP level 2. HP: 26/26 MP: 2/2
   522 | D:1      | Reached skill level 1 in Shields
  1086 | D:2      | Reached XP level 3. HP: 27/31 MP: 3/3
  1320 | D:2      | Acquired Trog's second power
  2122 | D:3      | Noticed DevDT's ghost (weakling OgAr)
  2144 | D:3      | Slain by DevDT's ghost

Action                   || total
-------------------------++-------
Melee: Hand axe          ||   124
       Short sword       ||    21
  Use: Scroll            ||     2
  Eat: Chunk             ||     2
